 Dungeon Crawl Stone Soup version 0.30-a0-137-gd8773701ce (webtiles) character file.

Game seed: 15028829649812311065

6 night the Ruffian (level 1, -3/19 HPs)
             Began as a Troll Warper on Sept 23, 2022.
             Slain by a gnoll
             ... wielding a +0 flail
              (8 damage)
             ... on level 1 of the Dungeon.
             The game lasted 00:00:22 (168 turns).

night the Ruffian (Troll Warper)                     Turns: 168, Time: 00:00:22

Health: -3/19      AC:  4    Str: 18    XL:     1   Next: 75%
Magic:  1/1        EV:  9    Int:  9    God:
Gold:   27         SH:  0    Dex:  9    Spells: 2/2 levels left

rFire   . . .      SeeInvis .      - Unarmed
rCold   . . .      Faith    .    (no shield)
rNeg    . . .      Spirit   .    a - +0 robe
rPois   .          Reflect  .    (helmet restricted)
rElec   .          Harm     .    (no cloak)
rCorr   .          Rampage  .    (gloves unavailable)
Will    .....                    (boots unavailable)
Stlth   +.........               (no amulet)
HPRegen 0.86/turn                (no ring)
MPRegen 0.07/turn                (no ring)

@: no status effects
A: large, unfitting armour, claws 3, regeneration 1, shaggy fur 1, tough skin 1
a: no special abilities


You were on level 1 of the Dungeon.
You visited 1 branch of the dungeon, and saw 1 of its levels.

You collected 27 gold pieces.

Inventory:

Missiles
 c - 7 boomerangs of dispersal (quivered)
 f - 5 stones
Armour
 a - a +0 robe (worn)
Scrolls
 b - a scroll of blinking
 d - a scroll of identify {unknown}
Potions
 e - a potion of berserk rage {unknown}
 g - a potion of magic {unknown}


   Skills:
 - Level 1.5 Fighting
 - Level 0.8 Throwing
 - Level 1.9 Dodging
 * Level 2.3 Unarmed Combat
 + Level 1.3 Spellcasting
 + Level 2.2 Translocations


You had 2 spell levels left.
You didn't know any spells.
Your spell library contained the following spells:

 Spells                   Type           Power      Damage    Failure   Level
 Blink                    Tloc           8%         N/A       22%         2
 Gell's Gravitas          Tloc           4%         N/A       38%         3
 Lesser Beckoning         Tloc           4%         N/A       38%         3
 Teleport Other           Tloc           4%         N/A       38%         3
 Manifold Assault         Tloc           4%         N/A       80%         4


Dungeon Overview and Level Annotations

Branches:
Dungeon (1/15)

Altars:


Innate Abilities, Weirdness & Mutations

You are too large for most types of armour.
You have claws for hands.
Your natural rate of healing is unusually fast.
You are covered in fur. (AC +1)
You have tough skin. (AC +1)


Message History

No target in view!
No target in view!
No target in view!
No target in view!
No target in view!
No target in view!
No target in view!
f - 5 stones
Found a sling.
No target in view!
A hobgoblin comes into view.
The hobgoblin shouts!
You see here a +0 sling.
You claw the hobgoblin!
You kill the hobgoblin!
A rat comes into view.
Found a fizzy clear potion.
The rat bites you but does no damage.
You barely miss the rat. The rat bites you.
You closely miss the rat. The rat closely misses you.
You closely miss the rat. The rat barely misses you.
You claw the rat!
You kill the rat!
No target in view!
No target in view!
No target in view!
Found a stone staircase leading down.
No target in view!
g - a fizzy clear potion You open the door.
There is an open door here.
A gnoll comes into view. It is wielding a +0 flail.
The gnoll shouts!
You barely miss the gnoll. The gnoll closely misses you.
You barely miss the gnoll. The gnoll hits you with a +0 flail!
You closely miss the gnoll. The gnoll hits you but does no damage.
You barely miss the gnoll. The gnoll hits you with a +0 flail!
* * * LOW HITPOINT WARNING * * *
You barely miss the gnoll. The gnoll hits you with a +0 flail!
You die...

#....# #....#
#....#########
#####............#
.................#
#######..........#
.........#'###...#
# ..#.#.##.#.#
#...#.#
#.#.#.##.#.#
#..@g.#
....#....#.#
##+####
#....#####.#
...........#
####..#####..#
##........#
#..##.##.#
###..#.# #.....>#


You could see a gnoll.

Vanquished Creatures
  A bat (D:1)
  2 endoplasms (D:1)
  A hobgoblin (D:1)
  A rat (D:1)
5 creatures vanquished.

Notes
Turn   | Place    | Note
-------+----------+-------------------------------------------
     0 | D:1      | night the Troll Warper began the quest for the Orb.
     0 | D:1      | Reached XP level 1. HP: 19/19 MP: 1/1
   168 | D:1      | Slain by a gnoll

Illustrated notes

Levels and vault maps discovered:
D:1:      kilobyte_arrival_exit_the_forest, layout_basic, minmay_tall_x

Action                   || total
-------------------------++-------
Melee: Unarmed           ||    16
Armor: Robe              ||     3
Dodge: Dodged            ||     7

Table legend: (Time is in decaauts)
 A = Elapsed time spent in this place.
 B = Non-inter-level travel time spent in this place.
 C = Inter-level travel time spent in this place.
 D = Time resting spent in this place.
 E = Time spent auto-exploring this place.
 F = Levels seen in this place.
 G = Mean time per level.
                   A        B        C        D        E       F      G
               +--------+--------+--------+--------+--------+-----+--------+
         Total |    168 |    168 |      0 |      0 |    131 |   1 |  168.0 |
       Dungeon |    168 |    168 |      0 |      0 |    131 |   1 |  168.0 |
               +--------+--------+--------+--------+--------+-----+--------+

Top non-repeatable levels by time:
     D:1: 168 daAuts
